 Dungeon Crawl Stone Soup version 0.31.0-11-ge490571c62 (webtiles) character file.

Game seed: 9310488148539347832

11 qw the Shooter (level 2, -1/16 HPs)
             Began as a Deep Elf Hunter on Feb 3, 2024.
             Slain by a kobold
             ... wielding a +0 short sword
              (3 damage)
             ... on level 1 of the Dungeon.
             The game lasted 00:00:00 (282 turns).

qw the Shooter (Deep Elf Hunter)                     Turns: 282, Time: 00:00:01

Health: -1/16      AC:  3    Str:  8    XL:     2   Next: 17%
Magic:  4/4        EV: 12    Int: 13    God:
Gold:   10         SH:  0    Dex: 18    Spells: 1/1 levels left

rFire   . . .        a - +0 shortbow
rCold   . . .        (shield currently unavailable)
rNeg    . . .        c - +0 leather armour
rPois   .            (no helmet)
rElec   .            (no cloak)
rCorr   .            (no gloves)
SInv    .            (no boots)
Will    .....        (no amulet)
Stlth   ++           (no ring)
HPRegen 0.22/turn    (no ring)
MPRegen 0.09/turn

%: no passive effects
@: no status effects
A: no striking features
a: no special abilities


You were on level 1 of the Dungeon.
You visited 1 branch of the dungeon, and saw 1 of its levels.

You collected 10 gold pieces.


   Skills:
 - Level 1.5 Fighting
 + Level 6.0 Ranged Weapons
 - Level 2.4 Dodging
 - Level 1.2 Stealth


You had one spell level left.
You didn't know any spells.
Your spell library was empty.

Inventory:

Hand Weapons
 a - a +0 shortbow (weapon)
Armour
 c - a +0 leather armour (worn)
Jewellery
 g - a ring of poison resistance
Scrolls
 b - a scroll of butterflies
 d - a scroll of fog {unknown}
 e - a scroll of teleportation {unknown}
Potions
 f - a potion of resistance {unknown}

Dungeon Overview and Level Annotations

Branches:
Dungeon (1/15)

Altars:


Message History

You see here a +2 heavy mace.
You see here a staff of air. 2 kobolds come into view.
The kobold shouts! x2; You hear a shout!
You shoot an arrow. The arrow hits the kobold.
The kobold is severely wounded.
The kobold hits you but does no damage.
You shoot an arrow.
The arrow hits the kobold but does no damage.
The kobold is severely wounded.
The kobold hits you but does no damage.
A hobgoblin comes into view.
You shoot an arrow.
The arrow hits the kobold but does no damage.
The kobold is severely wounded.
The kobold hits you with a +0 dagger.
You shoot an arrow.
The arrow hits the kobold but does no damage.
The kobold is severely wounded.
The kobold hits you with a +0 dagger.
A quokka comes into view.
The kobold hits you with a +0 dagger. The kobold hits you but does no damage.
You shoot an arrow. The arrow closely misses the kobold.
The kobold barely misses you. The kobold misses you.
You shoot an arrow. The arrow hits the kobold.
You kill the kobold!
The kobold hits you with a +0 short sword.
You shoot an arrow. The arrow barely misses the kobold.
The kobold hits you but does no damage.
You shoot an arrow. The arrow closely misses the kobold.
The kobold hits you with a +0 short sword.
You shoot an arrow.
The arrow hits the kobold but does no damage.
The kobold hits you with a +0 short sword.
The kobold closely misses you.
You shoot an arrow. The arrow closely misses the kobold.
The kobold hits you with a +0 short sword.
You shoot an arrow. The arrow barely misses the kobold.
The kobold hits you with a +0 short sword.
You die...

## .. #. #. #.
########### ### #.
#|........#
#....#)###.###.###.#####
#...@...# #.# #......
###K##### #.# #.##### #g
#.....##### #r
##..###.... ..
#..##...## .. #..#.###.#
##. #..).# #.. #.
##.#.###.# ###...#.....


You could see a quokka, a hobgoblin and a kobold.

Vanquished Creatures
  An endoplasm (D:1)
  A giant cockroach (D:1)
  A goblin (D:1)
  A hobgoblin (D:1)
  2 jackals (D:1)
  2 kobolds (D:1)
  A quokka (D:1)
9 creatures vanquished.

Notes
Turn   | Place    | Note
-------+----------+-------------------------------------------
     0 | D:1      | qw the Deep Elf Hunter began the quest for the Orb.
     0 | D:1      | Reached XP level 1. HP: 12/12 MP: 3/3
     0 | D:1      | 0 ||| qw: Version: 0.3-a-155-g5e7d8dd
     0 | D:1      | 0 ||| qw: Game counter: 3091
     0 | D:1      | 0 ||| qw: Melee chars always use a shield: true
     0 | D:1      | 0 ||| qw: God list: Okawaru
     0 | D:1      | 0 ||| qw: Allow faded altars: false
     0 | D:1      | 0 ||| qw: Do Orc after clearing Dungeon:15 true
     0 | D:1      | 0 ||| qw: Do second Lair branch before Depths: true
     0 | D:1      | 0 ||| qw: Lair rune preference: random
     0 | D:1      | 0 ||| qw: Goals: Normal
     0 | D:1      | 0 ||| PLANNING D:1-11
    92 | D:1      | Found a faded altar of an unknown god.
   159 | D:1      | Reached XP level 2. HP: 14/16 MP: 4/4
   163 | D:1      | Reached skill level 6 in Ranged Weapons
   280 | D:1      | HP: 3/16 [kobold/+0 short sword (2)]
   282 | D:1      | Slain by a kobold

Levels and vault maps discovered:
D:1:      ncdulo_smallfort, layout_loops_ring, shapermc_ecumenical_altar_venn

Skill      XL: |  1  2 |
---------------+-------+-----
Ranged Weapons | 6 |  6.0
Fighting       | |  1.5
Dodging        | |  2.4
Stealth        | |  1.2

Action                     || total
---------------------------++-------
   Fire: Shortbow          ||    32
 Armour: Leather armour    ||    17
  Dodge: Dodged            ||     8

Table legend:
 A = Non-vault XP
 B = Vault XP
 C = Vault XP percentage of total XP
 D = Non-vault monster count
 E = Vault monster count
 F = Vault count percentage of total count
                 A         B        C        D         E       F
            +---------+---------+-------+---------+---------+-------
      Total |      17 |       0 |   0.0 |       9 |       0 |   0.0
            +---------+---------+-------+---------+---------+-------
        D:1 |      17 |       0 |   0.0 |       9 |       0 |   0.0
            +---------+---------+-------+---------+---------+-------
